 Dungeon Crawl Stone Soup version 0.28-a0-1613-gdaab1c2f9b (console) character file.

Game seed: 4318834791725554345

124004 Melian the Slayer (level 16, -11/265 HPs)
             Began as a Minotaur Berserker on Jan 21, 2022.
             Was the Champion of Trog.
             Mangled by Azrael (13 damage)
             ... on level 1 of the Spider Nest.
             The game lasted 02:03:57 (27689 turns).

Melian the Slayer (Minotaur Berserker)             Turns: 27689, Time: 02:03:58

Health: -11/265    AC: 23    Str: 27 (28) XL:     16   Next: 38%
Magic:  2/15       EV: 13    Int:  4      God:    Trog [******]
Gold:   475        SH:  0    Dex: 23      Spells: 15/15 levels left

rFire   + . .      SeeInvis .   U - +7 war axe {vorpal, *Rage Fly Dex+7 Stlth+}
rCold   + . .      Faith    .   (no shield)
rNeg    . . .      Spirit   .   t - +1 plate armour {rF+}
rPois   +          Reflect  .   (helmet restricted)
rElec   .          Harm     .   J - +0 cloak {rCorr}
rCorr   +          Rampage  .   u - +0 pair of gloves {Stlth+}
Will    +....      Rage     20% Q - +0 pair of boots "Weiret" {rC+ Dex+4}
Stlth   ..........              L - amulet of the acrobat
HPRegen 0.54/turn               b - ring of poison resistance
MPRegen 0.14/turn               n - +4 ring of protection

@: berserking, marked, spiked, corroded, flying, studying Fighting, very quick
A: horns 2, retaliatory headbutt
a: Renounce Religion, Berserk, Trog's Hand, Brothers in Arms


You were on level 1 of the Spider Nest.
You worshipped Trog.
Trog was exalted by your worship.
You visited 4 branches of the dungeon, and saw 21 of its levels.
You also visited: Bailey and Gauntlet.

You collected 2137 gold pieces.
You spent 1662 gold pieces at shops.

Inventory:

Hand Weapons
 x - the +7 war axe of Vopoatal {vorpal, rF- rC+++ rN++ Str-3}
   (You found it on level 4 of the Lair of Beasts)

   It inflicts extra damage upon your enemies.
   Str:       It affects your strength (-3).
   rF:        It makes you vulnerable to fire.
   rC:        It renders you almost immune to cold.
   rN:        It greatly protects you from negative energy.
 R - a +4 battleaxe of flaming
 U - the +7 war axe of Dissatisfaction (weapon) {vorpal, *Rage Fly Dex+7 Stlth+}
   (You found it on level 3 of the Lair of Beasts)

   It inflicts extra damage upon your enemies.
   Dex:       It affects your dexterity (+7).
   Fly:       It grants you flight.
   *Rage:     It berserks you when you make melee attacks (+20% chance).
   Stlth:     It makes you more stealthy.
Missiles
 f - 27 boomerangs (quivered)
 G - 40 poisoned darts
 N - 6 curare-tipped darts
Armour
 t - a +1 plate armour of fire resistance (worn)
 u - a +0 pair of gloves of stealth (worn)
 w - +2 ice dragon scales
 B - a +1 pair of boots of flying
 J - a +0 cloak of preservation (worn)
 M - a scarf of invisibility
 Q - the +0 pair of boots "Weiret" (worn) {rC+ Dex+4}
   (You found it in a Gauntlet)

   Dex:       It affects your dexterity (+4).
   rC:        It protects you from cold.
Jewellery
 b - a ring of poison resistance (left hand)
 c - the amulet of Salvation {Faith *Corrode rC+ Str+3}
   (You found it in a Gauntlet)

   [amulet of faith]

   It allows you to gain divine favour quickly.
   Str:       It affects your strength (+3).
   rC:        It protects you from cold.
   *Corrode:  It may corrode you when you take damage.
 h - a ring of see invisible
 n - a +4 ring of protection (right hand)
 o - a +4 ring of evasion
 p - a ring of protection from cold
 A - an amulet of faith
 L - an amulet of the acrobat (around neck)
Wands
 s - a wand of polymorph (18)
 y - a wand of paralysis (2)
 F - a wand of charming (12)
 S - a wand of flame (21)
 V - a wand of iceblast (10)
 Z - a wand of acid (3)
Scrolls
 d - 2 scrolls of fog
 k - a scroll of holy word
 q - 7 scrolls of teleportation
 v - 3 scrolls of blinking
 C - 2 scrolls of brand weapon
 D - 4 scrolls of fear
Potions
 a - a potion of resistance
 e - a potion of heal wounds
 g - 3 potions of mutation
 i - 5 potions of lignification
 j - 3 potions of curing
 l - 3 potions of berserk rage
 m - 2 potions of flight
 r - 2 potions of might
 E - 4 potions of haste
 O - 2 potions of invisibility
 P - a potion of attraction
 W - 2 potions of degeneration
Miscellaneous
 K - a phial of floods
 X - a box of beasts


   Skills:
 + Level 24.9 Fighting
 + Level 18.6 Axes
 + Level 16.7 Armour
 - Level 7.4 Dodging


You had 15 spell levels left.
You didn't know any spells.
Your spell library contained the following spells:

 Spells                   Type           Power      Damage    Failure   Level
 Sting                    Tmut/Pois      0%         1d3       97%         1
 Mephitic Cloud           Conj/Pois/Air  0%         N/A       100%        3
 Eringya's Noxious Bog    Tmut/Pois      0%         N/A       100%        6


Dungeon Overview and Level Annotations

Branches:
Dungeon (12/15)            Temple (0/1) D:6            Lair (6/6) D:8
  Swamp (0/4) Lair:3       Spider (1/4) Lair:4        Slime (0/5) Lair:5
    Orc (2/2) D:11            Elf (0/3) Orc:2        Bailey (visited)
Gauntlet (visited)

Altars:
Ashenzari
Dithmenos
Elyvilon
Fedhas
Hepliaklqana
Nemelex Xobeh
Qazlal
Ru
Wu Jian
Beogh

Shops:
D:8 [   D:9 *   Orc:2 =*[(

Annotations:
Lair:3 Esoa's ghost, journeyman DsMo
Spider:1 Azrael


Innate Abilities, Weirdness & Mutations

You have a pair of horns on your head.
You reflexively headbutt those who attack you in melee.


Message History

The steelbarb worm is almost dead.
You completely miss the redback. You closely miss the redback.
You closely miss the tarantella. You closely miss the culicivora.
The jumping spider is healed somewhat.
You slash the steelbarb worm!
The steelbarb worm is almost dead.
You slash the tarantella! You slice the redback!!
You feel the power of Trog in you as your rage grows.
You kill the redback!
Trog accepts your kill.
You hit the redback. You slash the culicivora! You slice the entropy weaver!!
The culicivora bites you but does no damage.
The jumping spider leaps!
The steelbarb worm hits you!
* * * LOW HITPOINT WARNING * * *
Barbed spikes become lodged in your body.
The entropy weaver gestures at you while chanting.
The entropic weave corrodes you!
The culicivora is engulfed in blazing flames.
The culicivora is healed somewhat.
The tarantella touches you but does no damage.
You hit the steelbarb worm.
You kill the steelbarb worm!
Trog accepts your kill.
You barely miss the tarantella. You slice Azrael!! You slash the redback!
You feel the power of Trog in you as your rage grows.
You kill the redback!
Trog accepts your kill.
You closely miss the culicivora. You slash the entropy weaver!
The culicivora's wounds heal themselves!
The culicivora closely misses you.
You slash Azrael! You headbutt Azrael.
Azrael is heavily wounded.
You slice the tarantella!!
You kill the tarantella!
Trog accepts your kill.
You hit the entropy weaver. You slice the culicivora!!
You kill the culicivora!
Trog accepts your kill.
The culicivora is engulfed in blazing flames.
The entropy weaver points at you and mumbles some strange words.
Azrael hits you with a +1 scimitar of flaming!
You die...

..... #.#.. ....# ..... ....
#../... ..s#....#.#
s○..○......##^
###sss#...#.#... #
#..R††^......... #.
#s@B.#)#...... ..# #..
#††B........## #.#
#..##..#..##^.#.≈# ..#
#..^...#......≈# #^####
.####...>....##..# ...^.
###.# #....#..[$....#
...#####...###......#....###
....##.#.###......#....#.#
.....#........#..........#
...††.................#..≈#
#..†#...#....#.......#..#≈≈≈


You could see Azrael, 2 entropy weavers, 4 culicivoras, a tarantella and a
redback.

Vanquished Creatures
  Frances (Lair:4)
  A ghost moth (Spider:1)
  An orc warlord (Orc:1)
  Aizul (Spider:1)
  Nessos (D:12)
  A minotaur (Gauntlet)
  Snorg (Lair:5)
  Erolcha (D:11)
  2 boulder beetles
  14 hydras
  4 catoblepae
  4 centaur warriors (D:10)
  A jorogumo (Spider:1)
  6 two-headed ogres
  16 death yaks
  A tengu warrior (D:12)
  4 orc high priests (Orc:2)
  Sonja (Lair:3)
  2 bog bodies (Lair:3)
  An orb spider (Spider:1)
  A pharaoh ant (Spider:1)
  2 steelbarb worms (Spider:1)
  A wizard (Gauntlet)
  5 orc knights
  4 wolf spiders
  An ugly thing (D:10)
  2 orc sorcerers (Orc:2)
  A cyclops (D:12)
  3 manticores
  16 elephants
  Maurice (D:12)
  3 torpor snails
  2 molten gargoyles (Lair:3)
  2 gargoyles
  14 cane toads
  5 black mambas
  6 demonic crawlers (Spider:1)
  2 unseen horrors (D:12)
  2 rime drakes
  A tengu conjurer (D:12)
  18 komodo dragons
  An efreet (D:10)
  A queen bee (shapeshifter) (Lair:2)
  8 trolls
  A meliai zombie (D:11)
  A polar bear (Lair:6)
  8 tarantellas (Spider:1)
  25 blink frogs
  Prince Ribbit (D:7)
  4 slime creatures (Gauntlet)
  7 dream sheep
  9 jumping spiders (Spider:1)
  7 culicivoras
  2 shadows
  4 wyverns
  2 vampires
  A wraith (D:9)
  58 yaks
  3 fire elementals (Spider:1)
  A basilisk (Lair:3)
  3 steam dragons
  14 redbacks (Spider:1)
  2 vampire mosquitoes (D:11)
  4 wargs
  A swamp worm (Lair:3)
  22 water moccasins
  3 hell hounds (Spider:1)
  41 orc warriors
  An ice beast (D:5)
  5 black bears
  9 ogres
  17 wolves
  6 centaurs
  2 phantoms
  3 kobold brigands
  16 bullfrogs
  A gnoll sergeant (D:9)
  4 scorpions
  A wyvern zombie (D:8)
  5 killer bees (D:8)
  7 wights
  5 howler monkeys
  3 electric eels
  5 lava snakes (Lair:3)
  25 orc priests
  Crazy Yiuf (D:7)
  5 jellies
  A gnoll shaman (D:6)
  A hound (D:5)
  12 iguanas
  27 orc wizards
  A killer bee zombie (D:9)
  A hound skeleton (D:4)
  A howler monkey zombie (D:10)
  3 howler monkey skeletons
  24 gnolls
  5 adders
  4 shadow imps
  2 white imps
  An ufetubus (D:5)
  3 dart slugs
  92 orcs
  12 endoplasms
  4 giant cockroaches
  19 goblins
  16 hobgoblins
  4 jackals (D:1)
  3 quokkas (D:2)
  5 ball pythons
  7 bats
  20 frilled lizards
  13 kobolds
  4 rats
  A bush (Lair:2)
797 creatures vanquished.

Vanquished Creatures (collateral kills)
  A fire giant (D:10)
  2 orc warlords
  An entropy weaver (Spider:1)
  An ettin (D:10)
  A boulder beetle (D:12)
  A catoblepas (Lair:3)
  An orc high priest (Orc:2)
  An orb spider (Spider:1)
  An orc sorcerer (Orc:2)
  A komodo dragon (Lair:3)
  A dream sheep (Lair:3)
  A culicivora (Spider:1)
  5 redbacks (Spider:1)
  8 orc warriors
  A gnoll sergeant (D:8)
  3 orc priests (Orc:2)
  2 orc wizards (Orc:2)
  A gnoll (D:8)
  3 orcs (Orc:2)
  2 goblins (Bailey)
  2 kobolds (D:8)
40 creatures vanquished.

Vanquished Creatures (others)
  2 culicivoras (Spider:1)
  A fire elemental (Spider:1)
  A killer bee (D:8)
  An orc (Orc:1)
  5 demonic plants (Gauntlet)
  55 fungi
  80 plants
145 creatures vanquished.

Grand Total: 982 creatures vanquished

Notes
Turn   | Place    | Note
-------+----------+-------------------------------------------
     0 | D:1      | Melian the Minotaur Berserker began the quest for the Orb.
     0 | D:1      | Reached XP level 1. HP: 19/19 MP: 0/0
   462 | D:1      | Reached XP level 2. HP: 19/27 MP: 1/1
   915 | D:1      | Reached skill level 4 in Fighting
  1390 | D:2      | Found a faded altar of an unknown god.
  1556 | D:2      | Reached XP level 3. HP: 32/33 MP: 2/2
  1573 | D:2      | Reached ** piety under Trog
  2364 | D:3      | Reached XP level 4. HP: 24/41 MP: 3/3
  2552 | D:3      | Reached skill level 5 in Fighting
  2556 | D:3      | Reached skill level 5 in Axes
  2975 | D:3      | Noticed a phantom
  2982 | D:3      | Killed a phantom
  2983 | D:3      | Reached XP level 5. HP: 50/50 MP: 4/4
  3392 | D:4      | Reached *** piety under Trog
  3494 | D:4      | Found an ornate altar of the Wu Jian Council.
  3513 | D:4      | Found a white marble altar of Elyvilon.
  3626 | D:4      | Reached skill level 6 in Fighting
  3868 | D:4      | Found a blossoming altar of Fedhas.
  3880 | D:4      | Reached XP level 6. HP: 52/57 MP: 5/5
  4342 | D:4      | Reached skill level 7 in Fighting
  4342 | D:4      | Reached XP level 7. HP: 66/66 MP: 6/6
  4547 | D:5      | Entered Level 5 of the Dungeon
  4688 | D:5      | Found a hazy altar of Hepliaklqana.
  4688 | D:5      | Found a sacrificial altar of Ru.
  4895 | D:5      | Reached skill level 8 in Fighting
  5498 | D:6      | Reached XP level 8. HP: 75/75 MP: 7/7
  5639 | D:6      | Found a staircase to the Ecumenical Temple.
  5764 | D:6      | Reached skill level 9 in Fighting
  5881 | D:6      | Reached **** piety under Trog
  6415 | D:7      | Reached skill level 10 in Fighting
  6415 | D:7      | Reached skill level 10 in Axes
  6544 | D:7      | Noticed Prince Ribbit
  6570 | D:7      | Killed Prince Ribbit
  6571 | D:7      | Reached XP level 9. HP: 37/86 MP: 8/8
  6794 | D:7      | Found a stormy altar of Qazlal.
  6915 | D:7      | Noticed a troll
  6924 | D:7      | Killed a troll
  6925 | D:7      | Reached skill level 11 in Fighting
  7158 | D:7      | Found a runed translucent door.
  7159 | D:7      | Noticed Crazy Yiuf
  7464 | D:7      | Killed Crazy Yiuf
  7896 | D:8      | Reached skill level 12 in Fighting
  7910 | D:8      | Found a staircase to the Lair.
  8290 | D:8      | Reached XP level 10. HP: 97/99 MP: 9/9
  8501 | D:8      | Found Kiniutye's Antique Armour Shop.
  8724 | D:8      | Found a broken altar of Ashenzari.
  8943 | D:8      | Found a sparkling altar of Nemelex Xobeh.
  8945 | D:8      | Found a shadowy altar of Dithmenos.
  9231 | Lair:1   | Entered Level 1 of the Lair of Beasts
  9308 | D:9      | Reached skill level 13 in Fighting
  9463 | D:9      | Found Oxoit's General Store.
  9530 | D:9      | Found a flagged portal.
  9542 | Bailey   | Entered a bailey
  9802 | Bailey   | Reached ***** piety under Trog
 10030 | Bailey   | Noticed an orc knight
 10042 | Bailey   | Killed an orc knight
 10279 | Bailey   | Noticed an orc warlord
 10294 | Bailey   | Killed an orc warlord
 10295 | Bailey   | Reached skill level 14 in Fighting
 10338 | Bailey   | Identified the +5 scimitar of Oenomania {vorpal, rN+}
 10357 | Bailey   | Reached skill level 15 in Fighting
 10357 | Bailey   | Reached skill level 15 in Axes
 10357 | Bailey   | Reached XP level 11. HP: 47/114 MP: 10/10
 10916 | D:9      | Reached skill level 16 in Fighting
 10916 | D:9      | Reached XP level 12. HP: 121/122 MP: 11/11
 11290 | D:10     | Entered Level 10 of the Dungeon
 11693 | D:10     | Noticed a centaur warrior
 11695 | D:10     | Noticed a centaur warrior
 11702 | D:10     | Killed a centaur warrior
 11706 | D:10     | Killed a centaur warrior
 11932 | D:10     | Noticed a centaur warrior
 11940 | D:10     | Killed a centaur warrior
 12068 | D:10     | Noticed a centaur warrior
 12083 | D:10     | Killed a centaur warrior
 12531 | D:10     | Noticed an ettin
 12535 | D:10     | Killed an ettin
 12536 | D:10     | Reached skill level 17 in Fighting
 12539 | D:10     | Noticed a fire giant
 12545 | D:10     | Killed a fire giant
 12552 | D:10     | Identified the +4 halberd of Kedeot {venom, rF+ Will+}
 12558 | D:10     | Identified the +2 leather armour of Unreason {+Blink Fly
                  | Regen+ rCorr}
 12869 | D:10     | Noticed a two-headed ogre
 12879 | D:10     | Killed a two-headed ogre
 12977 | D:10     | Noticed a two-headed ogre
 12984 | D:10     | Killed a two-headed ogre
 13567 | D:11     | Noticed a two-headed ogre
 13575 | D:11     | Killed a two-headed ogre
 13716 | D:11     | Noticed Erolcha
 13739 | D:11     | Killed Erolcha
 13815 | D:11     | Noticed a two-headed ogre
 13827 | D:11     | Killed a two-headed ogre
 13828 | D:11     | Reached skill level 18 in Fighting
 14022 | D:11     | Reached XP level 13. HP: 113/134 MP: 12/12
 14167 | D:11     | Found a staircase to the Orcish Mines.
 14733 | Lair:1   | Identified the +11 spear "Qolafod" {vorpal, *Slow rElec
                  | rN++} (Trog gifted it to you on level 1 of the Lair of
                  | Beasts)
 14733 | Lair:1   | Received a gift from Trog
 16479 | Lair:2   | Reached skill level 19 in Fighting
 17752 | Lair:3   | Noticed Sonja
 17765 | Lair:3   | Killed Sonja
 17766 | Lair:3   | Reached skill level 10 in Armour
 18035 | Lair:3   | Found a runed translucent gate.
 18036 | Lair:3   | Found a runed translucent gate.
 18036 | Lair:3   | Noticed Esoa's ghost (journeyman DsMo)
 18037 | Lair:3   | Found a runed translucent gate.
 18169 | Lair:3   | Reached XP level 14. HP: 56/147 MP: 13/13
 18475 | Lair:3   | Reached skill level 20 in Fighting
 18837 | Lair:3   | Identified the +7 war axe of Dissatisfaction {vorpal, *Rage
                  | Fly Dex+7 Stlth+}
 18988 | Lair:3   | Received a gift from Trog
 19073 | Lair:3   | Found a staircase to the Swamp.
 19976 | Lair:4   | Identified the +7 war axe of Vopoatal {vorpal, rF- rC+++
                  | rN++ Str-3}
 20139 | Lair:4   | Found a hole to the Spider Nest.
 20528 | Spider:1 | Entered Level 1 of the Spider Nest
 20771 | Lair:5   | Noticed Snorg
 20785 | Lair:5   | Killed Snorg
 20786 | Lair:5   | Reached skill level 21 in Fighting
 20793 | Lair:5   | Received a gift from Trog
 20925 | Lair:5   | Found a staircase to the Slime Pits.
 21810 | Lair:6   | Entered Level 6 of the Lair of Beasts
 22370 | Lair:6   | Reached XP level 15. HP: 160/160 MP: 14/14
 22945 | Lair:6   | Reached skill level 22 in Fighting
 23115 | Lair:6   | Received a gift from Trog
 23123 | Lair:6   | Reached skill level 15 in Armour
 23649 | Lair:6   | Got the Almanac of Poisoning
 24218 | D:12     | Noticed Maurice
 24225 | D:12     | Killed Maurice
 24287 | D:12     | Identified the +4 hunting sling of Crusades {vorpal, Dex+6}
 24304 | D:12     | Found a gate leading to a gauntlet.
 24327 | Gauntlet | Entered a Gauntlet
 24327 | Gauntlet | Found a transporter.
 24327 | Gauntlet | Found a transporter.
 24333 | Gauntlet | Found a transporter.
 24357 | Gauntlet | Found a transporter.
 24357 | Gauntlet | Identified the amulet of Salvation {Faith *Corrode rC+
                  | Str+3}
 24361 | Gauntlet | Found a transporter.
 24404 | Gauntlet | Found a transporter.
 24409 | Gauntlet | Identified the +4 lajatang of Loxzo {freeze, *Slow rPois
                  | rN+++ Int-4}
 24426 | Gauntlet | Found a transporter.
 24428 | Gauntlet | Found a transporter.
 24436 | Gauntlet | Found a transporter.
 24437 | Gauntlet | Identified a scroll of acquirement
 24458 | Gauntlet | Found a transporter.
 24491 | Gauntlet | Acquired a manual of Fighting
 24626 | Gauntlet | Identified the +0 pair of boots "Weiret" {rC+ Dex+4}
 24880 | D:12     | Noticed Nessos
 24892 | D:12     | Killed Nessos
 24893 | D:12     | Reached skill level 23 in Fighting
 24944 | D:12     | Reached skill level 5 in Dodging
 25096 | Orc:1    | Entered Level 1 of the Orcish Mines
 25096 | Orc:1    | Noticed an orc warlord
 25113 | Orc:1    | Killed an orc warlord
 25641 | Orc:1    | You are sucked into a shaft and drop 1 floor!
 25641 | Orc:2    | Entered Level 2 of the Orcish Mines
 25641 | Orc:2    | Found a staircase to the Elven Halls.
 25657 | Orc:2    | Received a gift from Trog
 25851 | Orc:2    | Noticed an orc warlord
 25866 | Orc:2    | Killed an orc warlord
 25875 | Orc:2    | Reached ****** piety under Trog
 25877 | Orc:2    | Reached skill level 24 in Fighting
 26254 | Orc:2    | Reached XP level 16. HP: 174/174 MP: 15/15
 26426 | Orc:2    | Received a gift from Trog
 26471 | Orc:2    | Found Xepachu's General Store.
 26472 | Orc:2    | Found Ybis Ate's Jewellery Boutique.
 26474 | Orc:2    | Found Haitov's Antique Armour Shop.
 26474 | Orc:2    | Found Plog's Antique Weapon Shop.
 26479 | Orc:2    | Bought a scroll of identify for 24 gold pieces
 26492 | Orc:2    | Bought runed ice dragon scales for 1638 gold pieces
 27387 | Spider:1 | Noticed Frances
 27435 | Lair:4   | Killed Frances
 27573 | Spider:1 | Noticed Aizul
 27584 | Spider:1 | Killed Aizul
 27670 | Spider:1 | Noticed Azrael
 27684 | Spider:1 | HP: 8/265 [jorogumo (18)]
 27687 | Spider:1 | HP: 1/265 [steelbarb worm (8)]
 27689 | Spider:1 | Mangled by Azrael

Illustrated notes

Levels and vault maps discovered:
D:1:      wander_arrival_fairy_ring, layout_basic
D:2:      layout_basic, hellmonk_ecumenical_altar_heavens_door
D:3:      layout_rooms, chequers_serial_rivers_large_a, minmay_cupped
D:4:      layout_loops_corners, fedhas_altar_2, nicolae_elyvilon_temple_path,
          pdpol_wu_jian_five_deadly_venoms
D:5:      layout_cave_pools, jmf_multi_god_temple, roderic_serpentine_path,
          grunt_ministairs_14
D:6:      layout_loops_ring, temple_pool_b
D:7:      layout_basic, nicolae_qazlal_style_of_elements,
          uniq_crazy_yiuf_cottage, uniq_prince_ribbit1
D:8:      layout_loops_ring, evilmike_ruin_ashenzari,
          nicolae_overflow_hidden_temple, due_lair_maze_entry_diamond,
          serial_shops, shop
D:9:      layout_small_grid, enter_bailey_2, serial_shops, nicolae_stop_n_shop_2
D:10:     minmay_sliced_demisemicircle, layout_irregular_city
D:11:     layout_basic, david_orc_4, uniq_nergalle, uniq_harold, uniq_erolcha
D:12:     layout_rooms, gauntlet_entry_generic, kennysheep_generic_room_5,
          uniq_maurice, uniq_nessos
Lair:1:   layout_chaotic_city, grunt_megastairs_4, serial_bayou_shore_a
Lair:2:   lemuel_reptile_caves, layout_long_grid, minmay_hedge_maze,
          beast_lair_carwin_1
Lair:3:   cheibrodos_magma_flow, layout_hall_layers,
          nicolae_swamp_entry_splash_gauntlet, gammafunk_ghost_hydra_chop,
          infiniplex_staircase_pool_2, uniq_sonja
Lair:4:   layout_cave_pods, hellmonk_spider_entry_life_and_decay,
          lemuel_fruit_fields
Lair:5:   layout_roguey, nicolae_slime_entry_slimehenge,
          nicolae_volcano_entry_two_sided, chequers_serial_rivers_marsh,
          uniq_snorg
Lair:6:   evilmike_catoblepas_cave, layout_regular_city
Spider:1: layout_spider_delve, nicolae_spider_nooks_and_crannies, uniq_azrael,
          uniq_frances, uniq_aizul
Orc:1:    layout_caves
Orc:2:    st_orc_congregation, layout_diamond_mine, mines2_david

Skill      XL: |  1  2  3  4  5  6  7  8  9 10 11 12 13 14 15 |
---------------+----------------------------------------------+-----
Fighting       | 4 5 6 7 8 10 12 15 16 18 19 21 24 | 24.9
Axes           | 4 5 6 7 8 10 12 15 17 18 | 18.6
Armour         | 6 10 14 16 | 16.7
Dodging        | 4 7 |  7.4

Action                   |  1- 3 |  4- 6 |  7- 9 | 10-12 | 13-15 | 16-18 || total
-------------------------+-------+-------+-------+-------+-------+-------++-------
Melee: Hand axe          |    90 |   137 |   217 |   178 |   110 |       ||   732
       Headbutt          |    10 |    10 |    43 |    75 |   215 |    35 ||   388
       Punch             |     1 |       |     1 |     2 |    13 |     3 ||    20
       Broad axe         |       |       |       |   185 |   278 |       ||   463
       War axe           |       |       |       |       |   479 |   137 ||   616
Throw: Boomerang         |       |       |       |       |     4 |     2 ||     6
Invok: Berserk           |       |     3 |     4 |       |     2 |       ||     9
       Brothers in Arms  |       |       |       |     4 |     5 |     2 ||    11
       Trog's Hand       |       |       |       |     1 |       |       ||     1
Evoke: Phial of floods   |       |       |       |     1 |     1 |       ||     2
       Wand              |       |       |       |       |    10 |     2 ||    12
  Use: Scroll            |       |       |    12 |     5 |    16 |     1 ||    34
       Potion            |       |       |     1 |     3 |     4 |     3 ||    11
 Stab: Confused          |       |       |       |     1 |     4 |       ||     5
       Petrified         |       |       |       |       |     6 |       ||     6
       Petrifying        |       |       |       |       |     2 |       ||     2
Armor: Animal skin       |     8 |       |       |       |       |       ||     8
       Scale mail        |    16 |    56 |       |       |       |       ||    72
       Plate armour      |       |       |   134 |   137 |   470 |    91 ||   832
Dodge: Dodged            |    60 |    41 |    73 |   137 |   438 |   109 ||   858

Table legend: (Time is in decaauts)
 A = Elapsed time spent in this place.
 B = Non-inter-level travel time spent in this place.
 C = Inter-level travel time spent in this place.
 D = Time resting spent in this place.
 E = Time spent auto-exploring this place.
 F = Levels seen in this place.
 G = Mean time per level.
                   A        B        C        D        E       F      G
               +--------+--------+--------+--------+--------+-----+--------+
         Total |  27821 |  26224 |   1597 |      0 |  19408 |  23 | 1209.6 |
       Dungeon |  14636 |  13570 |   1066 |      0 |  10694 |  12 | 1219.7 |
          Lair |   9512 |   9080 |    432 |      0 |   6593 |   6 | 1585.3 |
   Spider Nest |    231 |    231 |      0 |      0 |     33 |   1 |  231.0 |
  Orcish Mines |   1990 |   1891 |     99 |      0 |   1210 |   2 |  995.0 |
        Bailey |   1052 |   1052 |      0 |      0 |    820 |   1 | 1052.0 |
      Gauntlet |    398 |    398 |      0 |      0 |     57 |   1 |  398.0 |
               +--------+--------+--------+--------+--------+-----+--------+

Top non-repeatable levels by time:
    D:10: 2197 daAuts
  Lair:4: 1995 daAuts
  Lair:6: 1969 daAuts
     D:7: 1732 daAuts
  Lair:2: 1547 daAuts
     D:8: 1408 daAuts
   Orc:2: 1402 daAuts
  Lair:3: 1398 daAuts
     D:4: 1394 daAuts
     D:1: 1375 daAuts
    D:11: 1322 daAuts
  Lair:5: 1304 daAuts
  Lair:1: 1297 daAuts
  Bailey: 1052 daAuts
     D:3: 985 daAuts
